 Dungeon Crawl Stone Soup version 0.19-a0-1493-gd0fcaa6 (webtiles) character file.

56 PurpleRed the Conjurer (level 3, 0/19 HPs)
             Began as a Deep Elf Conjurer on Sept 9, 2016.
             Slain by a jackal (2 damage)
             ... on level 4 of the Dungeon.
             The game lasted 00:02:49 (474 turns).

PurpleRed the Conjurer (Deep Elf Conjurer)           Turns: 474, Time: 00:02:49

Health: 0/19       AC:  2    Str:  5    XL:     3   Next: 71%
Magic:  1/10       EV: 13    Int: 20    God:
Gold:   83         SH:  0    Dex: 15    Spells: 2 memorised, 7 levels left

rFire  . . .     SeeInvis .     h - +4 dagger
rCold  . . .     Gourm    .     a - +0 robe
rNeg   . . .     Faith    .     (no shield)
rPois  .         Spirit   .     (no helmet)
rElec  .         Dismiss  .     (no cloak)
rCorr  .         Reflect  .     (no gloves)
MR     .....     Harm     .     (no boots)
Stlth  ++........               (no amulet)
                                (no ring)
                                (no ring)

@: no status effects
A: no striking features
a: no special abilities


You were on level 4 of the Dungeon.
You were not hungry.

You visited 1 branch of the dungeon, and saw 4 of its levels.

You collected 83 gold pieces.

Inventory:

Hand Weapons
 h - a +4 dagger (weapon)
Armour
 a - a +0 robe (worn)
Scrolls
 d - 2 scrolls of identify {unknown}
 e - a scroll of amnesia {unknown}
 j - a scroll of teleportation {unknown}
Potions
 g - a potion of flight {unknown}
 i - 2 potions of might {unknown}
Books
 b - a book of Conjurations

   Spells                             Type                      Level
   a - Magic Dart                     Conjuration                  1
   b - Searing Ray                    Conjuration                  2
   c - Dazzling Spray                 Conjuration/Hexes            3
   d - Fulminant Prism                Conjuration/Hexes            4
   e - Iskenderun's Mystic Blast      Conjuration                  4
   f - Iskenderun's Battlesphere      Conjuration/Charms           5
Comestibles
 c - 2 bread rations
 f - a meat ration


   Skills:
 - Level 2.4 Dodging
 - Level 2.4 Stealth
 + Level 4.0 Spellcasting
 * Level 5.4 Conjurations


You had 7 spell levels left.
You knew the following spells:

 Your Spells              Type           Power        Failure   Level  Hunger
a - Magic Dart            Conj           ####         1%          1    None
b - Searing Ray           Conj           ####..       1%          2    #......


Dungeon Overview and Level Annotations

Branches:
Dungeon (4/15)
 Temple: D:4-7

Altars:
Dithmenos
Gozag
Kikubaaqudgha
Okawaru

Shops:
D:4 *


Message History

Aim: a jackal The magic dart hits the jackal.
You kill the jackal!
Casting: Magic Dart
Confirm with . or Enter, or press ? or * to list all spells.
Aiming: Magic Dart
Press: ? - help, Shift-Dir - straight line, f - jackal
Aim: a jackal The magic dart hits the jackal.
The jackal is severely wounded.
The jackal bites you but does no damage.
The jackal closely misses you.
You hit the jackal.
The jackal is almost dead.
The jackal bites you.
* * * LOW HITPOINT WARNING * * *
You closely miss the jackal.
The jackal is almost dead.
The jackal barely misses you. The jackal bites you.
You die...

######### #........
.#.#######
####.#.#######
#....#.#......
#....#.#......
#....#.#......
###########....#.#......
.......@hs#.#.>#.#......
#########..∩.[.#.#......
.....$...#.#..#.#......
#.............#.#......
..$...........#.#......
..............#.#......
......†.......#.#......
.............†.........
..#######.####.........


You could see a jackal and a giant cockroach.

Vanquished Creatures
  A hound (D:4)
  An adder (D:4)
  A worm (D:3)
  2 giant cockroaches
  A goblin (D:2)
  A hobgoblin (D:3)
  2 jackals
  3 bats
  2 giant newts
  A kobold (D:1)
  A rat (D:3)
16 creatures vanquished.

Notes
Turn   | Place    | Note
-------+----------+-------------------------------------------
     0 | D:1      | PurpleRed the Deep Elf Conjurer began the quest for the Orb.
     0 | D:1      | Reached XP level 1. HP: 10/10 MP: 6/6
   175 | D:2      | Found an ancient bone altar of Kikubaaqudgha.
   234 | D:3      | Reached XP level 2. HP: 9/15 MP: 0/8
   238 | D:3      | Learned a level 2 spell: Searing Ray
   312 | D:3      | Found a shadowy altar of Dithmenos.
   318 | D:3      | Found an opulent altar of Gozag.
   321 | D:3      | Found an iron altar of Okawaru.
   372 | D:4      | Reached skill level 5 in Conjurations
   447 | D:4      | Found Nadigh's General Store.
   461 | D:4      | Reached XP level 3. HP: 6/19 MP: 1/10
   474 | D:4      | Slain by a jackal

Vault maps used:
D:1:      minmay_arrival_semitransparent
D:2:      fedhas_altar_1, lemuel_crystal_altar, nicolae_overflow_crystal_walls,
          ecumenical_altar_1, feat_on_display
D:3:      grunt_temple_overflow_diamond, uniq_terence
D:4:      serial_shops, nicolae_shop_crystal, lemuel_statue_altar

Skill      XL: |  1  2 |
---------------+-------+-----
Conjurations   | 5 |  5.4
Spellcasting   | 4 |  4.0
Dodging        | |  2.4
Stealth        | |  2.4

Action                   || total
-------------------------++-------
Melee: Dagger            ||    11
 Cast: Magic Dart        ||    22
       Searing Ray       ||     3
 Stab: Sleeping          ||     1
Armor: Robe              ||     6
Dodge: Dodged            ||    19
